AoeStats
← oandg

Arena

510152540Analyzed
2v2 RM · 3d ago on Sep 29, 2026· 79m 4s· 4 players
Game mode
Random Map
Map size
Medium (4 player)
Population
200
Speed
Normal
Resources
Standard
Victory
Conquest
Starting age
Dark Age
Ending age
Imperial Age
RankedLock teamsTeams togetherTeam positionsShared explorationLock speedFull tech treeHidden civsTurbo modeCheats
Victory
Defeat
🇮🇹 Malians · Italy
593
+10
🇧🇷 Portuguese · Brazil
544
+12
🇬🇧 Wei · United Kingdom
473
-12
🇬🇧 Ethiopians · United Kingdom
439
-10
FolaPR
1:37 Loom
11:40 Feudal Age
12:12 Horse Collar
12:24 Double-Bit Axe
17:58 Forging
21:48 Wheelbarrow
21:09 Town Watch
22:43 Wheelbarrow
22:29 Scale Barding Armor
26:48 Castle Age
25:30 Gold Mining
25:31 Stone Mining
26:06 Bloodlines
25:19 Man-at-Arms
25:46 Arson
26:14 Scale Mail Armor
26:24 Fletching
29:53 Stone Shaft Mining
29:26 Heavy Plow
29:37 Bodkin Arrow
30:18 Iron Casting
29:45 Padded Archer Armor
29:17 Elite Skirmisher
30:18 Husbandry
32:34 Chain Barding Armor
34:57 Light Cavalry
35:06 Crossbowman
36:32 Hand Cart
39:06 Thumb Ring
39:34 Chain Mail Armor
40:07 Circumnavigation
53:59 Imperial Age
51:32 Town Patrol
54:08 Gambesons
53:43 Long Swordsman
56:54 Blast Furnace
55:55 Bracer
56:11 Leather Archer Armor
56:26 Plate Mail Armor
56:32 Plate Barding Armor
57:02 Chemistry
57:16 Guilds
57:18 Arquebus
57:20 Cavalier
62:10 Arquebus
61:59 Pikeman
64:11 Arbalester
nicola.mainardi94
5:45 Loom
11:44 Feudal Age
13:48 Double-Bit Axe
15:30 Horse Collar
22:37 Castle Age
21:16 Stone Mining
21:17 Gold Mining
22:10 Forging
22:05 Fletching
23:16 Elite Skirmisher
24:09 Bow Saw
24:49 Pikeman
27:07 Caravan
27:46 Ballistics
28:58 Gold Shaft Mining
28:40 Heavy Plow
32:53 Imperial Age
30:22 Town Watch
30:58 Scale Mail Armor
31:04 Padded Archer Armor
33:05 Wheelbarrow
34:01 Scale Barding Armor
34:25 Murder Holes
36:34 Chemistry
38:38 Bodkin Arrow
38:58 Leather Archer Armor
39:19 Cavalier
44:16 Elite Gbeto
49:56 Iron Casting
55:15 Farimba
62:30 Bloodlines
64:00 Chain Barding Armor
64:12 Ring Archer Armor
67:08 Squires
73:33 Conscription
76:01 Chain Mail Armor
76:23 Plate Barding Armor
79:14 Husbandry
oandg
10:34 Feudal Age
11:52 Double-Bit Axe
16:07 Castle Age
13:56 Horse Collar
16:19 Wheelbarrow
18:16 Bow Saw
18:16 Gold Mining
23:26 Heavy Plow
29:43 Husbandry
31:11 Gold Shaft Mining
30:59 Hand Cart
33:38 Bloodlines
33:39 Scale Barding Armor
37:29 Imperial Age
35:58 Fletching
36:09 Padded Archer Armor
36:34 Chain Barding Armor
37:41 Thumb Ring
37:51 Thumb Ring
39:55 Parthian Tactics
39:49 Heavy Hei Guang Cavalry
41:27 Ballistics
47:39 Elite Skirmisher
51:39 Chemistry
52:17 Ming Guang Armor
54:59 Bodkin Arrow
55:20 Leather Archer Armor
55:30 Elite Tiger Cavalry
74:44 Conscription
jack0_james
10:51 Feudal Age
11:33 Double-Bit Axe
17:13 Castle Age
18:17 Bow Saw
19:05 Wheelbarrow
18:53 Horse Collar
20:17 Man-at-Arms
20:59 Squires
21:47 Long Swordsman
22:39 Forging
22:29 Scale Mail Armor
22:32 Heavy Plow
25:35 Iron Casting
28:24 Chain Mail Armor
33:48 Imperial Age
31:16 Crossbowman
32:43 Ballistics
37:13 Elite Skirmisher
38:02 Thumb Ring
37:28 Two-Handed Swordsman
38:29 Gold Mining
38:29 Stone Mining
46:43 Chemistry
50:06 Onager
54:22 Elite Shotel Warrior
57:31 Royal Heirs
62:29 Heavy Camel Rider
63:55 Hand Cart
65:34 Husbandry
66:56 Two-Man Saw
66:58 Loom
70:44 Halberdier
72:20 Light Cavalry
73:22 Light Cavalry
79:27 Guilds
Connection lost

Rejoining the realm…

Still unreachable

The connection could not be restored.

Session expired

The server has moved on; the page needs a fresh start.